 Dungeon Crawl Stone Soup version 0.27.0-1-g7a089689b8 (webtiles) character file.

Game seed: 17086012636200508124

242 Smaepdii the Ruffian (level 5, -2/54 HPs)
             Began as a Troll Monk on Aug 6, 2021.
             Succumbed to Terence's poison
             ... on level 3 of the Dungeon.
             The game lasted 00:06:48 (1726 turns).

Smaepdii the Ruffian (Troll Monk)                   Turns: 1726, Time: 00:06:48

Health: -2/54      AC:  5    Str: 19    XL:     5   Next: 82%
Magic:  4/4        EV: 11    Int:  6    God:
Gold:   141        SH:  0    Dex: 13    Spells: 4/4 levels left

rFire    . . .     SeeInvis .     - Unarmed
rCold    . . .     Faith    .   (no shield)
rNeg     . . .     Spirit   .   a - +0 robe
rPois    .         Reflect  .   (helmet restricted)
rElec    .         Harm     .   e - +0 cloak
rCorr    .         Rampage  .   (gloves unavailable)
Will     .....                  (boots unavailable)
Stlth    ++........             (no amulet)
HPRegen  1.18/turn              (no ring)
MPRegen  0.09/turn              (no ring)

@: lethally poisoned (-2 -> -13), about to teleport
A: large, unfitting armour, claws 3, regeneration 1, shaggy fur 1, tough skin 1
a: no special abilities


You were on level 3 of the Dungeon.
You visited 1 branch of the dungeon, and saw 3 of its levels.

You collected 141 gold pieces.

Inventory:

Armour
 a - a +0 robe (worn)
 e - a +0 cloak (worn)
Wands
 k - a wand of iceblast (3) (quivered)
Scrolls
 d - a scroll of identify {unknown}
 f - a scroll of teleportation
 h - a scroll of blinking {unknown}
 i - a scroll of fog {unknown}
 j - a scroll of noise {unknown}
 l - a scroll of brand weapon {unknown}
Potions
 b - a potion of heal wounds {unknown}
 c - a potion of lignification {unknown}
 g - a potion of haste {unknown}


   Skills:
 + Level 3.6 Fighting
 + Level 3.7 Dodging
 - Level 1.0 Stealth
 + Level 4.5 Unarmed Combat


You had 4 spell levels left.
You didn't know any spells.
Your spell library was empty.

Dungeon Overview and Level Annotations

Branches:
Dungeon (3/15)

Altars:
Ashenzari
Gozag
Ru
Trog
Wu Jian

Annotations:
D:3 Natasha, Terence


Innate Abilities, Weirdness & Mutations

You are too large for most types of armour.
You have claws for hands.
Your natural rate of healing is unusually fast.
You are covered in fur. (AC +1)
You have tough skin. (AC +1)


Message History

You scratch Terence but do no damage. Your claw misses Terence.
Terence is moderately wounded.
You feel very sick. Terence misses you.
You scratch Terence but do no damage.
Terence is moderately wounded.
You feel sick.
Terence hits you with a +0 short sword of venom.
You are more poisoned.
You scratch Terence.
Terence is heavily wounded.
You feel very sick.
Terence hits you with a +0 short sword of venom.
You are more poisoned.
You scratch Terence.
Terence is heavily wounded.
You feel extremely sick.
You scratch Terence but do no damage.
Terence is heavily wounded.
You feel very sick. Terence closely misses you.
You scratch Terence but do no damage.
Terence is heavily wounded.
You feel very sick.
Terence hits you with a +0 short sword of venom.
You are more poisoned.
You scratch Terence but do no damage.
Terence is heavily wounded.
* * * LOW HITPOINT WARNING * * *
You feel very sick.
Terence hits you with a +0 short sword of venom!
* * * LOW HITPOINT WARNING * * *
You are more poisoned.
* * * LOW HITPOINT WARNING * * *
You feel very sick.
Terence asks, "Do you want it fast or slow?"
Natasha, Servant of Life and Death comes into view.
As you read the scroll labelled BAMUOFO GEVVE, it crumbles to dust.
You feel strangely unstable.
It was a scroll of teleportation.
You die...

....... ... ......... #.#
#...#l# # ...#### #.#
#h...# .# .......
#.####..#####.# ##.####
#..#.##......#...# #
#..#.##.####)#..# #.####
#..#.... #.@.# #.....
#..#..# #.###@## ##
#.#### #..#..# #....## ..
# #.^##.###.###.## .# #
####..##.....# ##.#.#####
# .........#.###
#......... #
.##..###....####.########
# .##..#
#.#.............. #
.##..# #..#.###.########
# .##..# #.#.## #.#


You could see Terence and Natasha (wandering).

Vanquished Creatures
  An ogre (D:3)
  An orc priest (D:3)
  Ijyb (D:3)
  3 adders
  A worm (D:2)
  3 dart slugs
  10 orcs (D:3)
  6 endoplasms
  4 giant cockroaches
  4 goblins
  2 jackals (D:2)
  5 kobolds
  A quokka (D:1)
  5 ball pythons
  5 bats
  5 frilled lizards
  4 rats
61 creatures vanquished.

Notes
Turn   | Place    | Note
-------+----------+-------------------------------------------
     0 | D:1      | Smaepdii the Troll Monk began the quest for the Orb.
     0 | D:1      | Reached XP level 1. HP: 22/22 MP: 0/0
   120 | D:1      | Reached XP level 2. HP: 29/29 MP: 1/1
   462 | D:1      | Found a faded altar of an unknown god.
   498 | D:2      | Reached XP level 3. HP: 36/36 MP: 2/2
   558 | D:2      | Found an opulent altar of Gozag.
  1358 | D:3      | Reached XP level 4. HP: 34/45 MP: 3/3
  1411 | D:3      | Noticed Ijyb
  1423 | D:3      | Killed Ijyb
  1457 | D:3      | Reached skill level 4 in Unarmed Combat
  1602 | D:3      | Noticed an ogre
  1606 | D:3      | Killed an ogre
  1607 | D:3      | Reached XP level 5. HP: 53/53 MP: 4/4
  1608 | D:3      | Found an ornate altar of the Wu Jian Council.
  1609 | D:3      | Found a bloodstained altar of Trog.
  1610 | D:3      | Found a broken altar of Ashenzari.
  1611 | D:3      | Found a sacrificial altar of Ru.
  1705 | D:3      | Noticed Terence
  1725 | D:3      | HP: 2/54 [poisoned by Terence]
  1725 | D:3      | Noticed Natasha
  1726 | D:3      | Succumbed to Terence's poison

Illustrated notes

Levels and vault maps discovered:
D:1:      minmay_arrival_four_houses, layout_rooms,
          dilly_ecumenical_altar_fadedgnrine,
          amcnicky_mini_rare_corridor_liquid, minmay_heptomino_d4
D:2:      layout_basic, basic_altar, minmay_misc_feat_nine_boxes
D:3:      layout_loops_ring, chequers_temple_overflow_statue_of_worship,
          wad_floor_pattern_1, grunt_decor_junction, serial_bayou_pond_e,
          uniq_ijyb, uniq_natasha, uniq_terence

Skill      XL: |  1  2  3  4 |
---------------+-------------+-----
Dodging        | 3 |  3.7
Fighting       | 3 |  3.6
Unarmed Combat | 4 |  4.5
Stealth        | |  1.0

Action                   |  1- 3 |  4- 6 || total
-------------------------+-------+-------++-------
Melee: Unarmed           |    76 |    62 ||   138
       Punch             |     1 |       ||     1
Evoke: Wand              |       |     4 ||     4
  Use: Scroll            |       |     1 ||     1
 Stab: Sleeping          |     8 |       ||     8
Armor: Robe              |    13 |    14 ||    27
Dodge: Dodged            |    29 |    25 ||    54
